[Event "Titled Tuesday Blitz July 25 Late 2023"]
[White "brm72"]
[Black "Ocido, Michael"]
[BlackFideId "115201920"]
[WhiteElo "2649"]
[BlackElo "2458"]
[Result "1/2-1/2"]
[Round "7"]
[TimeControl "180+2"]
[Date "2023.07.25"]
[WhiteClock "0:00:20"]
[BlackClock "0:00:38"]
[Board "71"]

1. e4 e6 2. d4 d5 3. e5 c5 4. c3 Nc6 5. Nf3 Qb6 6. Bd3 Bd7 7. dxc5 Bxc5 8. O-O a5 9. Nbd2 f6 10. c4 fxe5 11. Nxe5 Nxe5 12. Qh5+ Nf7 13. cxd5 Nf6 14. Qe2 O-O 15. Nc4 Qd8 16. dxe6 Bxe6 17. Bxh7+ Kxh7 18. Qxe6 Qd5 19. Qh3+ Kg8 20. Ne3 Qd3 21. Rd1 Qe2 22. Qe6 Rae8 23. Qb3 Ne4 24. Rf1 Kh8 25. Qd5 Re5 26. Qc4 Qxc4 27. Nxc4 Nxf2 28. Nxe5 Nxe5 29. g3 Ned3 30. Kg2 Re8 31. Kf3 Rf8+ 32. Kg2 Re8 33. Kf3 Ne5+ 34. Kg2 Ned3 1/2-1/2


[Site "https://www.chess.com"]

[Event "Titled Tuesday Blitz July 25 Late 2023"]
[White "Castella Garcia, Fausto"]
[Black "Shuvalova, Polina"]
[WhiteFideId "3501922"]
[BlackFideId "24171760"]
[WhiteElo "2456"]
[BlackElo "2627"]
[Result "0-1"]
[Round "7"]
[TimeControl "180+2"]
[Date "2023.07.25"]
[WhiteClock "0:00:49"]
[BlackClock "0:01:47"]
[Board "72"]

1. e4 e6 2. Nf3 d5 3. e5 c5 4. b4 cxb4 5. d4 Nc6 6. a3 bxa3 7. c3 Bd7 8. Bd3 a6 9. h4 h6 10. h5 Na5 11. Bxa3 Bxa3 12. Nxa3 Ne7 13. Rh3 Qc7 14. Rc1 O-O 15. Rg3 Kh8 16. Nh4 f5 17. exf6 Rxf6 18. Qg4 Rg8 19. Qe2 Qf4 20. Ra1 Qxh4 21. Nc2 Qh1+ 22. Kd2 Nb3+ 0-1


[Site "https://www.chess.com"]

[Event "Titled Tuesday Blitz July 25 Late 2023"]
[White "Necromon"]
[Black "Aggelis, Nikolaos"]
[BlackFideId "4213220"]
[WhiteElo "2455"]
[BlackElo "2606"]
[Result "1/2-1/2"]
[Round "7"]
[TimeControl "180+2"]
[Date "2023.07.25"]
[WhiteClock "0:01:49"]
[BlackClock "0:02:01"]
[Board "73"]

1. Nf3 f5 2. d3 Nc6 3. e4 fxe4 4. dxe4 e5 5. Bc4 Nf6 6. Nc3 Bb4 7. O-O Bxc3 8. bxc3 d6 9. Ng5 Qe7 10. Bf7+ Kd8 11. Bd5 Rf8 12. h3 h6 13. Nf3 Be6 1/2-1/2


[Site "https://www.chess.com"]

[Event "Titled Tuesday Blitz July 25 Late 2023"]
[White "Pinheiro, Iung Alicio de O."]
[Black "Toncheva, Nadya"]
[WhiteFideId "2104350"]
[BlackFideId "2924056"]
[WhiteElo "2603"]
[BlackElo "2454"]
[Result "0-1"]
[Round "7"]
[TimeControl "180+2"]
[Date "2023.07.25"]
[WhiteClock "0:00:01"]
[BlackClock "0:00:04"]
[Board "74"]

1. e4 c5 2. Nf3 Nc6 3. b4 Nxb4 4. c3 Nc6 5. d4 cxd4 6. cxd4 d6 7. Bc4 g6 8. O-O Bg7 9. Qb3 Nxd4 10. Bxf7+ Kf8 11. Nxd4 Bxd4 12. Bxg8 Rxg8 13. Bh6+ Bg7 14. Qf3+ Ke8 15. Bxg7 Rxg7 16. Nc3 Rf7 17. Qe3 Kf8 18. Rad1 Qa5 19. f4 Bg4 20. Rd5 Qa3 21. Qd4 Kg8 22. h3 Be6 23. Rb5 Rc8 24. Rf3 b6 25. f5 Bc4 26. Rb1 Qc5 27. Rd1 Qxd4+ 28. Rxd4 Kg7 29. g4 gxf5 30. exf5 b5 31. Re3 Rc7 32. Ne4 Bxa2 33. Ng5 Rf8 34. Rde4 Re8 35. Rd4 h6 36. Nf3 Kf7 37. h4 Rc1+ 38. Kf2 Rc2+ 39. Kg3 Bc4 40. g5 hxg5 41. hxg5 Rg8 42. Kf4 Rf2 43. Rde4 Be2 44. Rxe7+ Kf8 45. Re8+ Kg7 46. f6+ Kh7 47. R3e7+ Kh8 48. Rxg8+ Kxg8 49. Re3 Bxf3 50. Kg3 Rf1 51. g6 Kf8 52. g7+ Kf7 53. Re7+ Kxf6 54. g8=Q Rg1+ 55. Kxf3 Rxg8 56. Rxa7 Rb8 57. Ke3 Ke5 58. Kd3 Kd5 59. Rc7 b4 60. Kc2 b3+ 61. Kb2 Kd4 62. Rh7 d5 63. Rh4+ Kc5 64. Rh7 d4 65. Rc7+ Kd5 66. Rh7 Kc4 67. Rh4 Re8 68. Rh7 Re2+ 69. Kb1 Kc3 70. Rc7+ Kd3 71. Rb7 b2 72. Rh7 Kc3 73. Rc7+ Kd3 74. Rh7 Rg2 75. Rh3+ Ke4 76. Rh8 d3 77. Re8+ Kd4 78. Rd8+ Ke3 79. Re8+ Kf3 80. Rf8+ Kg3 81. Rg8+ Kh2 82. Rxg2+ Kxg2 83. Kxb2 Kf2 84. Kc1 Ke2 85. Kb2 d2 0-1


[Site "https://www.chess.com"]

[Event "Titled Tuesday Blitz July 25 Late 2023"]
[White "Sivakumar, Shaaketh"]
[Black "Balla, Tamas-Kristof"]
[WhiteFideId "30940176"]
[BlackFideId "1208497"]
[WhiteElo "2572"]
[BlackElo "2450"]
[Result "0-1"]
[Round "7"]
[TimeControl "180+2"]
[Date "2023.07.25"]
[WhiteClock "0:00:16"]
[BlackClock "0:00:23"]
[Board "75"]

1. e4 c5 2. Nf3 Nc6 3. Nc3 g6 4. g3 Bg7 5. Bg2 d6 6. d3 e6 7. O-O Nge7 8. Be3 O-O 9. Qd2 Rb8 10. Bh6 b5 11. Bxg7 Kxg7 12. Ne2 b4 13. Ne1 Bb7 14. Kh1 a5 15. f4 f5 16. c3 Qd7 17. Qe3 Nd8 18. Nf3 Nf7 19. c4 Nh6 20. h3 Rbe8 21. a3 e5 22. fxe5 dxe5 23. Nxe5 Qd6 24. Nf3 fxe4 25. dxe4 Nef5 26. Qg5 Rxe4 27. Rad1 Qc7 28. Nf4 Nxg3+ 29. Qxg3 Rexf4 30. Rd3 Nf5 31. Qe1 Re4 32. Qd2 Ng3+ 33. Kg1 Nxf1 34. Bxf1 Qg3+ 35. Bg2 Re7 36. Rd7 Rff7 37. Rxe7 Rxe7 38. Qd1 Bxf3 39. Qxf3 Re1+ 0-1


[Site "https://www.chess.com"]

[Event "Titled Tuesday Blitz July 25 Late 2023"]
[White "Fonseca Manrique, Enrique"]
[Black "Moore, Nicholas"]
[WhiteFideId "5114330"]
[BlackFideId "4303709"]
[WhiteElo "2554"]
[BlackElo "2449"]
[Result "1-0"]
[Round "7"]
[TimeControl "180+2"]
[Date "2023.07.25"]
[WhiteClock "0:00:04"]
[BlackClock "0:00:06"]
[Board "76"]

1. e4 c5 2. Nf3 e6 3. d4 cxd4 4. Nxd4 Nc6 5. Nxc6 bxc6 6. Bd3 Ba6 7. O-O Bxd3 8. Qxd3 d5 9. Qg3 Nf6 10. Nd2 Qb8 11. e5 Nd7 12. Nf3 g6 13. h4 Bg7 14. Re1 h5 15. Rb1 Qb4 16. Bf4 Rb8 17. b3 Qa3 18. Bg5 Qb4 19. c4 O-O 20. Rbc1 Rfc8 21. Qf4 a5 22. Bh6 Bxh6 23. Qxh6 Qf8 24. Qf4 a4 25. bxa4 Ra8 26. cxd5 cxd5 27. Ng5 Nc5 28. Qf6 Qg7 29. Qe7 Nd3 30. Rxc8+ Rxc8 31. Re3 Rc1+ 32. Kh2 Nxe5 33. f3 Nc4 34. Re2 Qf8 35. Qf6 Qd6+ 36. g3 Qd7 37. g4 Qc7+ 38. Kg2 hxg4 39. fxg4 Nd6 40. h5 Rc2 41. Rxc2 Qxc2+ 42. Kh3 Qd3+ 43. Kh4 gxh5 44. Kxh5 Qa3 45. Kh6 Nf5+ 46. gxf5 Qf8+ 47. Kh5 exf5 48. Qxf5 Qg7 49. Qxd5 Qg6+ 50. Kg4 Qa6 51. Qxf7+ Kh8 52. Qh7# 1-0


[Site "https://www.chess.com"]

[Event "Titled Tuesday Blitz July 25 Late 2023"]
[White "Ismayil, Malak"]
[Black "Golubev, Mikhail"]
[WhiteFideId "13412604"]
[BlackFideId "14100983"]
[WhiteElo "2445"]
[BlackElo "2551"]
[Result "1-0"]
[Round "7"]
[TimeControl "180+2"]
[Date "2023.07.25"]
[WhiteClock "0:00:18"]
[BlackClock "0:00:00"]
[Board "77"]

1. e4 c5 2. Nf3 d6 3. Bb5+ Bd7 4. Bxd7+ Nxd7 5. O-O Ngf6 6. Re1 e6 7. d4 cxd4 8. Nxd4 Rc8 9. b3 Be7 10. c4 O-O 11. Bb2 d5 12. cxd5 exd5 13. exd5 Nxd5 14. Nd2 Bf6 15. Ne4 Be5 16. Rb1 Re8 17. Nf5 Bxb2 18. Rxb2 N7f6 19. Nxf6+ Qxf6 20. Rbe2 Rxe2 21. Qxe2 h6 22. Ng3 Nf4 23. Qe3 Qc3 24. Qe4 Nd3 25. Rf1 b6 26. h4 Nc1 27. Nf5 Nxa2 28. Ne7+ 1-0


[Site "https://www.chess.com"]

[Event "Titled Tuesday Blitz July 25 Late 2023"]
[White "Graif, William"]
[Black "Olsson, William"]
[WhiteFideId "2609835"]
[BlackFideId "1741721"]
[WhiteElo "2551"]
[BlackElo "2444"]
[Result "1/2-1/2"]
[Round "7"]
[TimeControl "180+2"]
[Date "2023.07.25"]
[WhiteClock "0:00:08"]
[BlackClock "0:00:10"]
[Board "78"]

1. e4 c5 2. Nc3 Nc6 3. Bb5 Nd4 4. Nf3 g6 5. Nxd4 cxd4 6. Ne2 Bg7 7. O-O a6 8. Ba4 b5 9. Bb3 Bb7 10. d3 d5 11. f3 e5 12. f4 Ne7 13. fxe5 Bxe5 14. Bf4 Qd6 15. Qd2 O-O 16. Ng3 dxe4 17. Nxe4 Bxe4 18. Bxe5 Qxe5 19. Rae1 Nf5 20. Rxe4 Qc5 21. Qg5 Rae8 22. Ref4 Re5 23. Qf6 Qe7 24. Qxe7 Rxe7 25. g4 Ne3 26. R1f3 a5 27. Rxd4 a4 28. Bd5 Nxc2 29. Re4 Rxe4 30. dxe4 Nb4 31. Kf2 Nxd5 32. exd5 Rc8 33. Rd3 Kf8 34. Ke3 Ke7 35. Rd2 Kd6 36. Kf4 f6 37. h3 Rc4+ 38. Kf3 Rc5 39. Ke4 Rc4+ 40. Ke3 f5 41. gxf5 gxf5 42. Rf2 Re4+ 43. Kd3 Re5 44. Kc3 Rxd5 45. Rg2 Kc5 46. Rg7 b4+ 47. Kc2 Kd4 48. Rxh7 f4 49. Kd2 f3 50. Rf7 Ke4+ 51. Ke1 Rf5 52. Rxf5 Kxf5 53. Kf2 Ke4 54. h4 Kd3 55. h5 Kc2 56. h6 Kxb2 57. h7 Kxa2 58. h8=Q b3 59. Qd4 a3 60. Qc4 Kb2 61. Qd4+ Ka2 62. Qd5 Kb2 63. Kxf3 a2 64. Qd4+ Kb1 65. Qd3+ Kb2 66. Qd2+ Kb1 67. Qd1+ Kb2 68. Qd4+ Kb1 69. Qe4+ Kb2 70. Qe5+ Kb1 71. Qe4+ Kb2 72. Qe2+ Kb1 73. Qd3+ Kb2 74. Qd2+ Kb1 75. Qd1+ Kb2 76. Qd2+ 1/2-1/2


[Site "https://www.chess.com"]

[Event "Titled Tuesday Blitz July 25 Late 2023"]
[White "Jaskolka, Tomasz"]
[Black "Goncalves, Davi Sulzbacher"]
[WhiteFideId "1170791"]
[BlackFideId "2154510"]
[WhiteElo "2544"]
[BlackElo "2443"]
[Result "1/2-1/2"]
[Round "7"]
[TimeControl "180+2"]
[Date "2023.07.25"]
[WhiteClock "0:00:09"]
[BlackClock "0:00:04"]
[Board "79"]

1. e4 c5 2. Nf3 Nc6 3. b4 cxb4 4. d4 d5 5. exd5 Qxd5 6. c4 bxc3 7. Nxc3 Qa5 8. Rb1 e6 9. Bd2 Nf6 10. Bd3 Bb4 11. Rxb4 Qxb4 12. O-O Bd7 13. d5 Ne7 14. dxe6 Bxe6 15. Ne4 Qa3 16. Bb5+ Nc6 17. Bc1 Qb4 18. Nd6+ Ke7 19. Bxc6 Qxd6 20. Bxb7 Qxd1 21. Rxd1 Rad8 22. Ba3+ Ke8 23. Bc6+ Nd7 24. Ne5 f6 25. Nxd7 Rxd7 26. Rd6 Bf5 27. f3 Kd8 28. Bxd7 Bxd7 29. Bc5 Kc7 30. Rd1 a6 31. Kf2 Bc6 32. Be3 Re8 33. g3 Kb7 34. Rb1+ Bb5 35. a4 Kc6 36. axb5+ axb5 37. f4 Kd5 38. Kf3 Kc4 39. Rc1+ Kd3 40. Rd1+ Kc2 41. Rc1+ Kd3 42. Rb1 Rxe3+ 43. Kg4 Re2 44. h4 Kc4 45. Rc1+ Kd5 46. Rd1+ Kc4 47. Rc1+ Kd4 48. Rb1 Kc4 49. Rc1+ 1/2-1/2


[Site "https://www.chess.com"]

[Event "Titled Tuesday Blitz July 25 Late 2023"]
[White "Fiorito, Francisco"]
[Black "Rangel, Daniel"]
[WhiteFideId "180165"]
[BlackFideId "2124475"]
[WhiteElo "2532"]
[BlackElo "2441"]
[Result "0-1"]
[Round "7"]
[TimeControl "180+2"]
[Date "2023.07.25"]
[WhiteClock "0:00:11"]
[BlackClock "0:00:09"]
[Board "80"]

1. Nf3 Nf6 2. b3 g6 3. Bb2 Bg7 4. e3 O-O 5. Be2 d5 6. O-O c5 7. d4 Ne4 8. c4 Nc6 9. cxd5 Qxd5 10. Bc4 Qh5 11. Qc2 Bf5 12. Qd1 Rad8 13. Be2 Qh6 14. Na3 cxd4 15. exd4 Ng5 16. Qe1 Nxf3+ 17. Bxf3 Nxd4 18. Bxd4 Bxd4 19. Rd1 Bc5 20. Rxd8 Rxd8 21. b4 Bd6 22. g3 Bd3 23. Be2 Bxe2 24. Qxe2 Bxb4 25. Nc4 Bc5 26. Qe5 b6 27. Qc7 Qf8 28. Qxa7 Ra8 29. Qc7 Rxa2 30. Nxb6 Bxb6 31. Qxb6 Qa8 32. Qc7 e6 33. h4 Ra1 34. Rxa1 Qxa1+ 35. Kh2 Kg7 36. Qc5 h5 37. Kg2 Qf6 38. Qc6 Qf5 39. Qc3+ Qf6 40. Qc6 Qe5 41. Qa8 Qd5+ 42. Qxd5 exd5 43. Kf3 Kf6 44. Kf4 Ke6 45. f3 f6 46. Ke3 Ke5 47. Kd3 d4 48. Kc4 g5 49. Kd3 Kd5 50. Kd2 Kc4 51. hxg5 fxg5 52. f4 gxf4 53. gxf4 h4 54. f5 Kd5 55. Ke2 h3 56. Kf2 d3 57. f6 Ke6 58. f7 Kxf7 59. Ke3 h2 60. Kd2 h1=Q 61. Kc3 Qd1 62. Kd4 d2 63. Ke3 Qe1+ 64. Kd3 d1=Q+ 65. Kc4 Qdd2 66. Kb5 Qec1 67. Ka6 Qdb2 68. Ka7 Qca1# 0-1


[Site "https://www.chess.com"]

[Event "Titled Tuesday Blitz July 25 Late 2023"]
[White "Martins, Bruno Andre Leite"]
[Black "Mickiewicz, Piotr"]
[WhiteFideId "1942255"]
[BlackFideId "1114891"]
[WhiteElo "2527"]
[BlackElo "2438"]
[Result "1-0"]
[Round "7"]
[TimeControl "180+2"]
[Date "2023.07.25"]
[WhiteClock "0:00:04"]
[BlackClock "0:00:04"]
[Board "81"]

1. b3 d5 2. Bb2 Nf6 3. e3 Bf5 4. Nf3 e6 5. Bd3 Bxd3 6. cxd3 Bd6 7. O-O Qe7 8. d4 O-O 9. Nc3 c6 10. d3 Nbd7 11. Qe2 Ba3 12. e4 Rfc8 13. Rac1 a6 14. Rfd1 b5 15. Bxa3 Qxa3 16. h3 a5 17. Nb1 Qf8 18. Rc2 a4 19. Rdc1 axb3 20. axb3 Qb4 21. Nbd2 Ra6 22. Kh2 Qd6+ 23. e5 Qb8 24. g4 Ne8 25. Kg2 Qb7 26. Qe3 Nf8 27. h4 Rca8 28. h5 b4 29. Nf1 Nd7 30. Ng3 Nb8 31. g5 Ra2 32. Rxa2 Rxa2 33. g6 h6 34. Qf4 Qe7 35. Nh4 Nc7 36. Qg4 Nb5 37. Rg1 Nc3 38. Kh3 Nd7 39. Nhf5 exf5 40. Nxf5 Qg5 41. gxf7+ Kf8 42. Qxg5 hxg5 43. e6 Nf6 44. Rxg5 Rxf2 45. Kg3 Rxf5 46. Rxf5 Ne2+ 47. Kh4 Nxd4 48. Re5 Ke7 49. Kg5 Nf3+ 50. Kf5 Nxe5 51. h6 Nh5 52. h7 g6+ 53. Kg5 Nf3+ 54. Kh6 Ng3 55. h8=Q Nf5+ 56. Kxg6 N3h4+ 57. Kh5 Kxe6 58. f8=Q Ng3+ 59. Kxh4 Nf5+ 60. Kg5 Nd4 61. Qhf6+ Kd7 62. Q8d8# 1-0


[Site "https://www.chess.com"]

[Event "Titled Tuesday Blitz July 25 Late 2023"]
[White "Bettalli, Francesco"]
[Black "Santos Flores, Alberto"]
[WhiteFideId "2816453"]
[BlackFideId "3601234"]
[WhiteElo "2433"]
[BlackElo "2526"]
[Result "1-0"]
[Round "7"]
[TimeControl "180+2"]
[Date "2023.07.25"]
[WhiteClock "0:00:48"]
[BlackClock "0:00:02"]
[Board "82"]

1. e4 e6 2. d4 d5 3. Bd3 dxe4 4. Bxe4 Nf6 5. Bf3 Bd6 6. Ne2 O-O 7. Nbc3 e5 8. O-O c6 9. Bg5 h6 10. Bh4 Nbd7 11. Ne4 Be7 12. dxe5 Nxe5 13. Qxd8 Nxf3+ 14. gxf3 Rxd8 15. Nxf6+ Bxf6 16. Bxf6 gxf6 17. Rad1 Bf5 18. Nd4 Bg6 19. c3 c5 20. Nb3 b6 21. Rfe1 Kf8 22. Kg2 Bc2 23. Rxd8+ Rxd8 24. Re2 Bb1 25. a3 Ba2 26. Nd2 f5 27. Kg3 Kg7 28. Kf4 Kf6 29. h4 Rd3 30. Nf1 Bc4 31. Re5 Be6 32. Ne3 Rd2 33. Nxf5 Rxb2 34. Nxh6 Rxf2 35. Ng8+ Kg7 36. Rg5+ Kf8 37. Nf6 Ke7 38. Ne4 Ra2 39. h5 Rxa3 40. h6 Ra1 41. Rh5 Rd1 42. h7 Rd8 43. h8=Q Rxh8 44. Rxh8 Kd7 45. Ra8 a5 46. Ke5 Kc6 47. f4 Kb5 48. f5 Bb3 49. Nd6+ Kc6 50. f6 a4 51. c4 b5 52. cxb5+ Kb6 53. Ra6+ Kc7 54. b6+ Kb8 55. Ra7 c4 56. Rc7 1-0


[Site "https://www.chess.com"]

[Event "Titled Tuesday Blitz July 25 Late 2023"]
[White "Molenda, Marcin"]
[Black "Rios Escobar, Adan"]
[WhiteFideId "1173065"]
[BlackFideId "3403645"]
[WhiteElo "2523"]
[BlackElo "2425"]
[Result "1/2-1/2"]
[Round "7"]
[TimeControl "180+2"]
[Date "2023.07.25"]
[WhiteClock "0:00:17"]
[BlackClock "0:00:03"]
[Board "83"]

1. Nf3 Nf6 2. c4 g6 3. Nc3 Bg7 4. e4 d6 5. d4 O-O 6. Be2 Na6 7. O-O e5 8. Be3 Qe7 9. dxe5 dxe5 10. a3 Ng4 11. Bg5 f6 12. Bh4 g5 13. Bg3 Nh6 14. b4 c6 15. c5 b5 16. cxb6 axb6 17. Nd2 Rd8 18. Qb3+ Be6 19. Bc4 Kf7 20. Rfd1 Rd4 21. Bxe6+ Qxe6 22. Qxe6+ Kxe6 23. Nb3 Rc4 24. Rd3 Nf7 25. f3 Bf8 26. Bf2 b5 27. Nd2 Nxb4 28. Re3 Nc2 29. Nxc4 Nxa1 30. Re1 Nb3 31. Ne3 Rxa3 32. Rd1 Ra1 33. Rxa1 Nxa1 34. Kf1 Nd6 35. Ke2 Nb3 36. Kd3 Nd4 37. h4 b4 38. Na4 N6b5 39. hxg5 fxg5 40. Be1 b3 41. Nc4 Be7 42. Ba5 h5 43. Bb6 h4 44. Nd2 Na3 45. Bxd4 exd4 46. Nxb3 Ke5 47. Nxd4 Kf4 48. Ne2+ Ke5 49. Nb6 Nb5 50. Nc4+ Ke6 51. Nd4+ Nxd4 52. Kxd4 c5+ 53. Ke3 Bd6 54. Kd3 Bf4 55. Kc3 Kd7 56. Kb3 Kc6 57. Na3 Bd2 58. Kc4 Be1 59. Nb5 Bf2 60. Nc3 Kd6 61. Ne2 Ke5 62. Kd3 Be1 63. Ng1 Kf4 64. Ne2+ Ke5 65. Ke3 Bb4 66. Kd3 Be1 1/2-1/2


[Site "https://www.chess.com"]

[Event "Titled Tuesday Blitz July 25 Late 2023"]
[White "Rottenwohrer Suarez, Juan"]
[Black "Pasti, Aron"]
[WhiteFideId "32068182"]
[BlackFideId "785857"]
[WhiteElo "2522"]
[BlackElo "2425"]
[Result "1-0"]
[Round "7"]
[TimeControl "180+2"]
[Date "2023.07.25"]
[WhiteClock "0:00:05"]
[BlackClock "0:00:00"]
[Board "84"]

1. e4 e5 2. Nf3 Nc6 3. d4 exd4 4. Nxd4 Bc5 5. Be3 Qf6 6. c3 Nge7 7. g3 O-O 8. Bg2 Bb6 9. O-O d6 10. Na3 Re8 11. Nc4 Ne5 12. Nxb6 axb6 13. h3 Nc4 14. Bc1 Nc6 15. b3 N4e5 16. Bb2 Ng6 17. Nb5 Qe7 18. c4 Be6 19. f4 Bc8 20. f5 Nge5 21. f6 gxf6 22. Nc3 Be6 23. Qh5 Ng6 24. Rae1 Nce5 25. Nd5 Bxd5 26. exd5 Rxa2 27. Rf2 Qd8 28. Ref1 Kg7 29. Bc1 Rxf2 30. Rxf2 Nd3 31. Bh6+ Kg8 32. Rf1 Re1 33. Rxe1 Nxe1 34. Be4 Qa8 35. Qf5 b5 36. h4 bxc4 37. bxc4 Qa7+ 38. Kf1 Qa8 39. Kxe1 Qa1+ 40. Kf2 Qd4+ 41. Kg2 Qb2+ 42. Kh3 Nf8 43. Qg4+ 1-0


[Site "https://www.chess.com"]

[Event "Titled Tuesday Blitz July 25 Late 2023"]
[White "Bilan, Danila"]
[Black "Rakitic2010"]
[WhiteFideId "24161918"]
[WhiteElo "2519"]
[BlackElo "2423"]
[Result "1-0"]
[Round "7"]
[TimeControl "180+2"]
[Date "2023.07.25"]
[WhiteClock "0:00:06"]
[BlackClock "0:00:00"]
[Board "85"]

1. d4 Nf6 2. Nf3 c5 3. e3 e6 4. Bd3 Nc6 5. c3 Be7 6. Nbd2 O-O 7. O-O b6 8. e4 cxd4 9. cxd4 Nb4 10. Bb5 a6 11. Ba4 Bb7 12. Qe2 Rc8 13. e5 Nfd5 14. Ne4 d6 15. Bg5 Bxg5 16. Nfxg5 dxe5 17. dxe5 h6 18. Nh3 Qh4 19. Nd6 Ba8 20. Nxc8 h5 21. Nd6 f6 22. Qe4 Qxh3 23. gxh3 fxe5 24. f3 Nf4 25. Qxb4 Nxh3+ 26. Kg2 Nf4+ 27. Kg3 h4+ 28. Kxh4 Rf6 29. Be8 Rh6+ 30. Kg3 Rh3+ 31. Kg4 Rxh2 32. Ne4 Ne2 33. Rg1 Nd4 34. Qe7 Nf5 35. Qxe6+ Kh8 36. Qxf5 Bd5 37. Qxe5 1-0


[Site "https://www.chess.com"]

[Event "Titled Tuesday Blitz July 25 Late 2023"]
[White "Gasparyan, David"]
[Black "Willy, Stephen"]
[WhiteFideId "13311980"]
[BlackFideId "30981468"]
[WhiteElo "2516"]
[BlackElo "2422"]
[Result "1-0"]
[Round "7"]
[TimeControl "180+2"]
[Date "2023.07.25"]
[WhiteClock "0:00:47"]
[BlackClock "0:00:02"]
[Board "86"]

1. d4 d6 2. c4 e5 3. Nf3 e4 4. Nfd2 f5 5. e3 Nf6 6. Nc3 Be7 7. f3 exf3 8. Qxf3 O-O 9. Bd3 g6 10. O-O c5 11. d5 Nbd7 12. Bc2 Ne5 13. Qd1 a6 14. a4 Rb8 15. a5 b5 16. axb6 Qxb6 17. Ne2 Nfg4 18. Ra3 Bg5 19. Nf4 Re8 20. h3 Nf6 21. b3 a5 22. Nf3 Bh6 23. Bd2 Ra8 24. Qa1 a4 25. Rxa4 Rxa4 26. Qxa4 Bd7 27. Qa1 Bg7 28. Bc3 Nxf3+ 29. Rxf3 Rf8 30. Ne6 Bxe6 31. dxe6 Qc6 32. e4 Ra8 33. Qb2 fxe4 34. Rxf6 Bxf6 35. Bxf6 Re8 36. e7 d5 37. cxd5 Qxd5 38. Qc3 Kf7 39. Bh4 g5 40. Bf2 Rxe7 41. Bxc5 Rc7 42. b4 Kg6 43. Qe3 Rd7 44. Bxe4+ 1-0


[Site "https://www.chess.com"]

[Event "Titled Tuesday Blitz July 25 Late 2023"]
[White "Ai, Evan"]
[Black "Womacka, Mathias"]
[WhiteFideId "2094770"]
[BlackFideId "4611390"]
[WhiteElo "2417"]
[BlackElo "2513"]
[Result "0-1"]
[Round "7"]
[TimeControl "180+2"]
[Date "2023.07.25"]
[WhiteClock "0:00:25"]
[BlackClock "0:01:08"]
[Board "87"]

1. e4 c5 2. Nf3 d6 3. d4 cxd4 4. Nxd4 Nf6 5. Nc3 a6 6. f3 e5 7. Nb3 Be6 8. Be3 Be7 9. Qd2 O-O 10. O-O-O Nbd7 11. g4 b5 12. g5 Nh5 13. Kb1 Nb6 14. Nd5 Nxd5 15. exd5 Bf5 16. Na5 f6 17. Nc6 Qd7 18. Rg1 fxg5 19. Bxg5 Bxg5 20. Rxg5 Nf4 21. Be2 Kh8 22. Rdg1 Bg6 23. Bf1 Rf6 24. h4 Raf8 25. Rh1 Bf7 26. c4 bxc4 27. Bxc4 Qb7 28. Ka1 Qb6 29. Rg3 Qc5 30. Rc1 Bxd5 31. b4 Qxc6 0-1


[Site "https://www.chess.com"]

[Event "Titled Tuesday Blitz July 25 Late 2023"]
[White "Der_Balak_3Halak"]
[Black "Shapiro, Viktor"]
[BlackFideId "4175700"]
[WhiteElo "2410"]
[BlackElo "2512"]
[Result "0-1"]
[Round "7"]
[TimeControl "180+2"]
[Date "2023.07.25"]
[WhiteClock "0:00:29"]
[BlackClock "0:01:29"]
[Board "88"]

1. c4 Nf6 2. Nc3 c5 3. g3 Nc6 4. Bg2 d6 5. d3 e6 6. Nf3 Bd7 7. O-O a6 8. a3 Rb8 9. Rb1 b5 10. cxb5 axb5 11. b4 cxb4 12. axb4 Be7 13. d4 d5 14. Bf4 Rb7 15. Na2 O-O 16. Ne5 Ra7 17. Nxc6 Bxc6 18. Qc2 Qa8 19. Ra1 Rc8 20. Qb2 Ne4 21. Nc3 f5 22. Rxa7 Qxa7 23. Ra1 Qxd4 24. Nd1 Qxb2 25. Nxb2 Bf6 26. Rb1 e5 27. Be3 d4 28. Bc1 Nc3 29. Ra1 Nxe2+ 30. Kf1 Nxc1 0-1


[Site "https://www.chess.com"]

[Event "Titled Tuesday Blitz July 25 Late 2023"]
[White "Terletsky, Oleg"]
[Black "Cooklev, Steven"]
[WhiteFideId "14116774"]
[BlackFideId "2050552"]
[WhiteElo "2511"]
[BlackElo "2385"]
[Result "1-0"]
[Round "7"]
[TimeControl "180+2"]
[Date "2023.07.25"]
[WhiteClock "0:00:32"]
[BlackClock "0:00:20"]
[Board "89"]

1. e4 c5 2. Nf3 Nc6 3. d4 cxd4 4. Nxd4 e5 5. Nb5 d6 6. N1c3 a6 7. Na3 Be7 8. Nc4 b5 9. Ne3 Nf6 10. g3 h5 11. h3 Nd4 12. Bg2 Be6 13. Ncd5 Nxd5 14. exd5 Bd7 15. c3 Nf5 16. Nxf5 Bxf5 17. O-O Qd7 18. Kh2 O-O-O 19. a4 b4 20. cxb4 Qb7 21. b5 Kd7 22. bxa6 Qxa6 23. b4 Qc4 24. b5 Ra8 25. Be3 Rxa4 26. Rxa4 1-0


[Site "https://www.chess.com"]

[Event "Titled Tuesday Blitz July 25 Late 2023"]
[White "Toniutti, Ezio"]
[Black "Yu, Jennifer"]
[WhiteFideId "113034"]
[BlackFideId "2078341"]
[WhiteElo "2509"]
[BlackElo "2367"]
[Result "0-1"]
[Round "7"]
[TimeControl "180+2"]
[Date "2023.07.25"]
[WhiteClock "0:00:05"]
[BlackClock "0:00:13"]
[Board "90"]

1. d4 d5 2. c4 e6 3. Nf3 Nf6 4. g3 Bb4+ 5. Bd2 Be7 6. Bg2 O-O 7. O-O Nbd7 8. Qc2 Ne4 9. Bf4 c6 10. Nfd2 f5 11. f3 Nxd2 12. Nxd2 Bf6 13. Be3 Re8 14. Bf2 Nf8 15. Rad1 Ng6 16. Kh1 f4 17. e4 fxe3 18. Bxe3 e5 19. dxe5 Nxe5 20. Bg1 Be6 21. Rfe1 Bf7 22. f4 Bg6 23. Qb3 Nd3 24. Rxe8+ Qxe8 25. cxd5 cxd5 26. Qxd5+ Kh8 27. Ne4 Rd8 28. Nxf6 Rxd5 29. Nxd5 Qe2 30. Rf1 Be4 31. Ne3 Bxg2+ 32. Nxg2 Qxf1 33. h4 Ne1 34. Nxe1 Qxe1 35. Kg2 Qe2+ 36. Bf2 Qxb2 37. Kf3 Qxa2 38. g4 Qb3+ 39. Be3 a5 40. Ke4 a4 41. f5 a3 42. g5 a2 43. Bd4 Qc4 44. f6 gxf6 45. gxf6 Kg8 46. Ke5 Kf7 0-1


[Site "https://www.chess.com"]

[Event "Titled Tuesday Blitz July 25 Late 2023"]
[White "kripri"]
[Black "Kanakaris, Georgios"]
[BlackFideId "4209460"]
[WhiteElo "2357"]
[BlackElo "2504"]
[Result "1-0"]
[Round "7"]
[TimeControl "180+2"]
[Date "2023.07.25"]
[WhiteClock "0:00:22"]
[BlackClock "0:00:12"]
[Board "91"]

1. d4 Nf6 2. Bf4 d5 3. e3 c5 4. c3 Nc6 5. Nd2 Qb6 6. Qb3 c4 7. Qc2 g6 8. e4 Nxe4 9. Nxe4 dxe4 10. Bxc4 Bf5 11. Be3 Qc7 12. Qb3 e6 13. h3 h5 14. Ne2 Bd6 15. d5 Ne5 16. Bb5+ Kf8 17. Nd4 a6 18. Be2 exd5 19. Nxf5 gxf5 20. Qxd5 Rd8 21. Bd4 Rh6 22. O-O-O Nd3+ 23. Kb1 Nf4 24. Qc4 Qxc4 25. Bxc4 Nxg2 26. Rhg1 Rg6 27. Be5 Be7 28. Be2 Re6 29. Bc7 Rxd1+ 30. Bxd1 Ne1 31. Rxe1 1-0


[Site "https://www.chess.com"]

[Event "Titled Tuesday Blitz July 25 Late 2023"]
[White "only_strong_moves"]
[Black "Korpics, Zsolt"]
[BlackFideId "705241"]
[WhiteElo "2501"]
[BlackElo "2350"]
[Result "0-1"]
[Round "7"]
[TimeControl "180+2"]
[Date "2023.07.25"]
[WhiteClock "0:01:27"]
[BlackClock "0:02:01"]
[Board "92"]

1. d4 Nf6 2. Nc3 d5 3. Bf4 c5 4. e4 Nxe4 5. Nxe4 dxe4 6. dxc5 Qa5+ 7. Qd2 Qxc5 8. O-O-O Nc6 9. f3 Bf5 10. Be3 Qe5 11. f4 Qe6 12. Bb5 Qxa2 13. Qc3 Qa1+ 14. Kd2 O-O-O+ 15. Bd4 Rxd4+ 16. Qxd4 Qxd1+ 17. Kxd1 Nxd4 0-1


[Site "https://www.chess.com"]